 Dungeon Crawl Stone Soup version 0.19.3-4-gbf9329e (webtiles) character file.

822 sveltemanboy the Destroyer (level 7, -1/36 HPs)
             Began as a Tengu Conjurer on Jan 30, 2017.
             Slain by Paps's ghost (15 damage)
             ... on level 4 of the Dungeon.
             The game lasted 00:14:51 (4707 turns).

sveltemanboy the Destroyer (Tengu Conjurer)         Turns: 4707, Time: 00:14:52

Health: -1/36      AC:  3    Str:  8    XL:     7   Next: 95%
Magic:  2/11       EV: 12    Int: 18    God:
Gold:   163        SH:  0    Dex: 14    Spells: 3 memorised, 3 levels left

rFire  . . .     SeeInvis .     m - +2 dagger (venom)
rCold  . . .     Gourm    .     g - +0 leather armour
rNeg   . . .     Faith    .     (no shield)
rPois  .         Spirit   .     (helmet restricted)
rElec  .         Reflect  .     (no cloak)
rCorr  .         Harm     .     (no gloves)
MR     .....                    (boots unavailable)
Stlth  +.........               (no amulet)
                                (no ring)
                                (no ring)

@: drained
A: beak, talons 3, able to fly 1
a: Fly


You were on level 4 of the Dungeon.
You were hungry.

You visited 1 branch of the dungeon, and saw 4 of its levels.

You collected 163 gold pieces.

Inventory:

Hand Weapons
 m - a +2 dagger of venom (weapon)
 p - a cursed -2 long sword
Armour
 g - a +0 leather armour (worn)
Scrolls
 d - 2 scrolls of identify
 k - 2 scrolls of enchant weapon
 l - a scroll of fear
 s - a scroll of noise {unknown}
Books
 b - a book of Conjurations

   Spells                             Type                      Level
   a - Magic Dart                     Conjuration                  1
   b - Searing Ray                    Conjuration                  2
   c - Dazzling Spray                 Conjuration/Hexes            3
   d - Fulminant Prism                Conjuration/Hexes            4
   e - Iskenderun's Mystic Blast      Conjuration                  4
   f - Iskenderun's Battlesphere      Conjuration/Charms           5
Comestibles
 c - 4 bread rations
 o - 2 meat rations


   Skills:
 + Level 3.8(2.8) Long Blades
 - Level 2.0(1.1) Armour
 - Level 3.0(2.1) Dodging
 - Level 2.0(1.0) Stealth
 - Level 2.0(1.0) Spellcasting
 * Level 10.7(9.5) Conjurations


You had 3 spell levels left.
You knew the following spells:

 Your Spells              Type           Power        Failure   Level  Hunger
a - Magic Dart            Conj           ####         1%          1    ##.....
b - Searing Ray           Conj           #####.       1%          2    ###....
c - Iskenderun's Mystic   Conj           #####...     8%          4    #####..


Dungeon Overview and Level Annotations

Branches:
Dungeon (4/15)
 Temple: D:4-7

Altars:

Annotations:
D:4 Paps's ghost, amateur HOFi


Innate Abilities, Weirdness & Mutations

You have a beak for a mouth.
You have claws for feet.
You can fly.


Message History

The searing ray hits Paps's ghost.
Paps's ghost is heavily damaged.
You finish channeling your searing ray.
Paps's ghost hits you!
Casting: Searing Ray
Confirm with . or Enter, or press ? or * to list all spells.
Aiming: Searing Ray
Press: ? - help, Shift-Dir - straight line, f/p - Paps's ghost
Aim: Paps's ghost (heavily damaged)
The searing ray hits Paps's ghost.
Paps's ghost is heavily damaged. (Press . to maintain the ray.) Paps's ghost completely misses you.
The searing ray hits Paps's ghost.
Paps's ghost is heavily damaged.
Paps's ghost hits you.
The searing ray misses Paps's ghost.
Paps's ghost hits you.
The searing ray hits Paps's ghost.
Paps's ghost is severely damaged.
You finish channeling your searing ray.
Paps's ghost hits you!
You die...

+##
..# ..
.. '#
.#
####.#
#.W[.#
#@####
#.#
#.#
#..
###


You could see Paps's ghost.

Vanquished Creatures
  8 big kobolds (D:3)
  An orc priest (D:3)
  Ijyb (D:2)
  Robin (D:2)
  2 gnolls (D:3)
  3 adders
  An ooze (D:3)
  2 worms
  2 dart slugs
  A leopard gecko (D:2)
  12 orcs (D:3)
  9 bats
  6 giant cockroaches
  14 goblins
  11 hobgoblins
  3 jackals (D:1)
  3 frilled lizards
  53 kobolds
  7 rats
140 creatures vanquished.

Notes
Turn   | Place    | Note
-------+----------+-------------------------------------------
     0 | D:1      | sveltemanboy the Tengu Conjurer began the quest for the Orb.
     0 | D:1      | Reached XP level 1. HP: 10/10 MP: 4/4
   103 | D:1      | Reached XP level 2. HP: 15/15 MP: 0/6
   244 | D:1      | Learned a level 2 spell: Searing Ray
   278 | D:1      | Reached skill level 6 in Conjurations
   803 | D:2      | Reached XP level 3. HP: 19/19 MP: 2/7
  1084 | D:2      | Noticed Ijyb
  1107 | D:2      | Killed Ijyb
  1107 | D:2      | Reached skill level 1 in Armour
  1107 | D:2      | Reached XP level 4. HP: 21/24 MP: 0/8
  1265 | D:2      | Reached skill level 7 in Conjurations
  1271 | D:2      | Noticed Robin
  1582 | D:2      | Killed Robin
  2125 | D:3      | Gained mutation: You can fly. [Tengu growth]
  2125 | D:3      | Reached XP level 5. HP: 28/28 MP: 6/9
  2357 | D:3      | Reached skill level 8 in Conjurations
  2951 | D:3      | Noticed a big kobold
  2981 | D:3      | Learned a level 4 spell: Iskenderun's Mystic Blast
  2998 | D:3      | Killed a big kobold
  2998 | D:3      | Reached skill level 1 in Long Blades
  2998 | D:3      | Reached XP level 6. HP: 27/32 MP: 2/10
  3209 | D:3      | Reached skill level 9 in Conjurations
  3442 | D:3      | Reached XP level 7. HP: 31/36 MP: 11/11
  3840 | D:3      | Reached skill level 10 in Conjurations
  4697 | D:4      | Noticed Paps's ghost (amateur HOFi)
  4707 | D:4      | Slain by Paps's ghost

Skill      XL: |  1  2  3  4  5  6  7 |
---------------+----------------------+-----
Conjurations   | 6 7 8 9 10 | 10.7
Armour         | 1 2 |  2.0
Long Blades    | 1 2 3 |  3.8
Dodging        | 3 |  3.0
Stealth        | |  2.0
Spellcasting   | |  2.0

Action                   |  1- 3 |  4- 6 |  7- 9 || total
-------------------------+-------+-------+-------++-------
Melee: Unarmed           |    15 |       |       ||    15
       Peck              |     5 |     4 |    14 ||    23
       Kick              |     2 |     7 |    19 ||    28
       Dagger            |       |    37 |    85 ||   122
 Cast: Magic Dart        |    49 |    86 |    17 ||   152
       Searing Ray       |     1 |     8 |    10 ||    19
 Abil: Fly               |       |       |     1 ||     1
  Use: Scroll            |       |       |     6 ||     6
       Potion            |       |       |     3 ||     3
 Stab: Sleeping          |       |     1 |       ||     1
  Eat: Chunk             |     1 |     8 |     4 ||    13
       Fruit             |       |     1 |     1 ||     2
Armor: Leather armour    |     4 |    10 |     8 ||    22
Dodge: Dodged            |     8 |    33 |    63 ||   104
